 Dungeon Crawl Stone Soup version 0.28-a0-1567-g1695149f81 (webtiles) character file.

Game seed: 5659473969222016240

9 a3don the Skirmisher (level 2, -2/16 HPs)
             Began as a Vine Stalker Monk on Jan 20, 2022.
             Was a Priest of Vehumet.
             Slain by a gnoll (5 damage)
             ... on level 1 of the Dungeon.
             The game lasted 00:01:47 (651 turns).

a3don the Skirmisher (Vine Stalker Monk)             Turns: 651, Time: 00:01:48

Health: -2/16      AC:  2    Str: 13    XL:     2   Next: 12%
Magic:  0/3        EV: 12    Int: 10    God:    Vehumet [***...]
Gold:   12         SH:  0    Dex: 16    Spells: 1/1 levels left

rFire   . . .      SeeInvis .   a - +0 falchion
rCold   . . .      Faith    .   (no shield)
rNeg    . . .      Spirit   +   b - +0 robe
rPois   .          Reflect  .   (no helmet)
rElec   .          Harm     .   (no cloak)
rCorr   .          Rampage  .   (no gloves)
Will    .....                   (no boots)
Stlth   ++........              (no amulet)
HPRegen 0.05/turn               (no ring)
MPRegen 0.08/turn               (no ring)

@: no status effects
A: fangs 2, magic shield, antimagic bite, no potion heal 2
a: Renounce Religion


You were on level 1 of the Dungeon.
You worshipped Vehumet.
Vehumet was most pleased with you.
You visited 1 branch of the dungeon, and saw 1 of its levels.

You collected 12 gold pieces.

Inventory:

Hand Weapons
 a - a +0 falchion (weapon)
Missiles
 e - 15 stones (quivered)
Armour
 b - a +0 robe (worn)
Scrolls
 c - a scroll of magic mapping {unknown}
 d - 2 scrolls of identify {unknown}
 f - a scroll of blinking {unknown}


   Skills:
 + Level 2.8 Fighting
 - Level 2.7 Long Blades
 - Level 2.4 Dodging
 + Level 2.7 Stealth
 + Level 0.4 Spellcasting
 + Level 0.2 Conjurations
 + Level 0.2 Fire Magic


You had one spell level left.
You didn't know any spells.
Your spell library was empty.

Dungeon Overview and Level Annotations

Branches:
Dungeon (1/15)

Altars:
Vehumet


Innate Abilities, Weirdness & Mutations

You have extremely sharp teeth.
When hurt, damage is shared between your health and your magic reserves.
Your bite disrupts and absorbs the magic of your enemies.
Potions cannot restore your health.


Message History

Okay, then.
Found a puce potion.
The hobgoblin shouts!
You hit the hobgoblin but do no damage. The hobgoblin closely misses you.
You hit the hobgoblin.
The hobgoblin is lightly wounded.
The hobgoblin hits you.
You barely miss the hobgoblin. Your bite misses the hobgoblin.
The hobgoblin is lightly wounded.
The hobgoblin hits you but does no damage.
You hit the hobgoblin.
You kill the hobgoblin!
Vehumet accepts your kill.
Vehumet is now aiding your destructive spells.
No target in view!
A gnoll comes into view. It is wielding a +0 spear.
The gnoll shouts!
Throw: 16 stones
Press: ? - help, Q - select action Shift-Dir - straight line, f - gnoll
Aim: a gnoll, wielding a +0 spear and wearing a +0 scale mail (68% to hit)
You throw a stone.
The stone hits the gnoll but does no damage.
The gnoll barely misses you.
You hit the gnoll. Your bite misses the gnoll.
The gnoll is lightly wounded.
The gnoll misses you.
You hit the gnoll but do no damage.
The gnoll is lightly wounded.
The gnoll hits you with a +0 spear!
You hit the gnoll but do no damage.
The gnoll is lightly wounded.
The gnoll misses you. The gnoll barely misses you.
You hit the gnoll but do no damage. Your bite misses the gnoll.
The gnoll is lightly wounded.
The gnoll hits you with a +0 spear!
* * * LOW HITPOINT WARNING * * *
You barely miss the gnoll.
The gnoll is lightly wounded.
The gnoll hits you with a +0 spear.
You die...

### #.# #####
########.########....
#..g@.............###
#.######.............
###.###############.#..
#..........# #.#..
#..........# #.#..
#.....(....# #.#..
#..........# #.#..
#....$.....# #.#..
.............# #.#..


You could see a gnoll.

Vanquished Creatures
  A ball python (D:1)
  A goblin (D:1)
  2 hobgoblins (D:1)
  2 quokkas (D:1)
  A kobold (D:1)
7 creatures vanquished.

Notes
Turn   | Place    | Note
-------+----------+-------------------------------------------
     0 | D:1      | a3don the Vine Stalker Monk began the quest for the Orb.
     0 | D:1      | Reached XP level 1. HP: 11/11 MP: 2/2
   130 | D:1      | Found a faded altar of an unknown god.
   139 | D:1      | Prayed at the altar of an unknown god.
   139 | D:1      | Became a worshipper of Vehumet
   139 | D:1      | Reached * piety under Vehumet
   139 | D:1      | Offered knowledge of Foxfire by Vehumet.
   139 | D:1      | Reached ** piety under Vehumet
   571 | D:1      | Offered knowledge of Scorch by Vehumet.
   572 | D:1      | Reached XP level 2. HP: 15/16 MP: 3/3
   599 | D:1      | Reached *** piety under Vehumet
   651 | D:1      | Slain by a gnoll

Illustrated notes

Levels and vault maps discovered:
D:1:      dpeg_arrival_simpleton_a, layout_basic,
          chequers_ecumenical_altar_island

Action                   || total
-------------------------++-------
Melee: Falchion          ||    27
       Punch             ||     1
       Bite              ||     1
Throw: Stone             ||     2
Armor: Robe              ||     5
Dodge: Dodged            ||    13

Table legend: (Time is in decaauts)
 A = Elapsed time spent in this place.
 B = Non-inter-level travel time spent in this place.
 C = Inter-level travel time spent in this place.
 D = Time resting spent in this place.
 E = Time spent auto-exploring this place.
 F = Levels seen in this place.
 G = Mean time per level.
                   A        B        C        D        E       F      G
               +--------+--------+--------+--------+--------+-----+--------+
         Total |    661 |    661 |      0 |    262 |    264 |   1 |  661.0 |
       Dungeon |    661 |    661 |      0 |    262 |    264 |   1 |  661.0 |
               +--------+--------+--------+--------+--------+-----+--------+

Top non-repeatable levels by time:
     D:1: 661 daAuts
